 Dungeon Crawl Stone Soup version 0.17.0-9-g801d43b (webtiles) character file.

207 JudasIscariot the Sneak (level 6, 0/36 HPs)
             Began as a Kobold Assassin on Nov 10, 2015.
             Succumbed to a worker ant's poison
             ... on level 4 of the Dungeon.
             The game lasted 00:12:36 (3007 turns).

JudasIscariot the Sneak (Kobold Assassin)           Turns: 3007, Time: 00:12:36

Health: 0/36       AC:  6    Str: 10    XL:     6   Next: 10%
Magic:  6/6        EV: 16    Int:  9    God:
Gold:   74         SH:  0    Dex: 19    Spells: 0 memorised, 5 levels left

rFire  + . .     SeeInvis +     a - +2 dagger
rCold  . . .     Clarity  .     z - +0 leather armour {rC+}
rNeg   . . .     SustAt   .     (shield restricted)
rPois  .         Gourm    .     q - +0 helmet
rElec  .         Spirit   .     d - +0 cloak
rCorr  .         Warding  .     u - +0 pair of gloves
rMut   .         Stasis   .     (no boots)
MR     .....                    (no amulet)
Stlth  ++++......               x - ring of see invisible
                                v - ring of fire

@: lethally poisoned (0 -> -4), not resistant to hostile enchantments, stealthy
A: carnivore 3
a: no special abilities


You were on level 4 of the Dungeon.
You were completely stuffed.

You visited 1 branch of the dungeon, and saw 4 of its levels.

You collected 74 gold pieces.

Inventory:

Hand Weapons
 a - a +2 dagger (weapon)
 b - a +0 blowgun
Missiles
 e - 8 poisoned needles
 f - 2 curare-tipped needles
 k - 3 needles of slowing
Armour
 d - a +0 cloak (worn)
 q - a +0 helmet (worn)
 u - a +0 pair of gloves (worn)
 z - a +0 leather armour of cold resistance (worn)
 A - a cursed -1 leather armour
Jewellery
 v - a ring of fire (left hand)
 x - a ring of see invisible (right hand)
Wands
 h - a wand of teleportation (4)
Scrolls
 c - a scroll of recharging {unknown}
 i - a scroll of random uselessness {unknown}
 j - 3 scrolls of amnesia {unknown}
 l - a scroll of magic mapping {unknown}
 p - 3 scrolls of identify {unknown}
 y - a scroll of fog {unknown}
 B - 4 scrolls of teleportation {unknown}
Potions
 m - a potion of heal wounds {unknown}
 o - a potion of degeneration {unknown}
 r - a potion of resistance {unknown}
 s - a potion of mutation {unknown}
 t - a potion of cancellation {unknown}
 w - a potion of flight {unknown}
Books
 n - a book of the Dragon

   Spells                             Type                      Level
   a - Flame Tongue                   Conjuration/Fire             1
   b - Cause Fear                     Hexes                        4
   c - Bolt of Fire                   Conjuration/Fire             6
   d - Dragon Form                    Transmutation                7
   e - Dragon's Call                  Summoning                    9
Comestibles
 g - 2 meat rations
 C - 8 chunks of flesh


   Skills:
 * Level 2.7 Fighting
 * Level 3.5 Short Blades
 + Level 2.3 Throwing
 + Level 0.5 Armour
 * Level 3.9 Dodging
 * Level 7.3 Stealth


You had 5 spell levels left.
You didn't know any spells.

Dungeon Overview and Level Annotations

Branches:
Dungeon (4/15)
 Temple: D:4-7

Altars:
Kikubaaqudgha
Xom

Annotations:
D:3 JudasIscariot's ghost, amateur TrFi


Innate Abilities, Weirdness & Mutations

You are small and have problems with some larger weapons.
You are carnivorous and can eat meat at any time.


Message History

The orc is lightly wounded.
The orc misses you.
Drink which item? (? for menu, Esc to quit)
Okay, then.
You closely miss the orc.
The orc is lightly wounded.
The worker ant bites you.
* * * LOW HITPOINT WARNING * * *
You are lethally poisoned!
The worker ant poisons you! The orc completely misses you.
You barely miss the orc.
The orc is lightly wounded.
* * * LOW HITPOINT WARNING * * *
You feel sick. The worker ant misses you.
You completely miss the orc.
The orc is lightly wounded.
The orc closely misses you. The worker ant closely misses you.
You hit the orc.
The orc is heavily wounded.
You die...

#.............#o.o.
#...............o.. ##
#.......(.)..o#.... #>
#...........# .
##.#######..##.####
#...........##.##
.#...........##.o#
............####o#
...........## #@#
!.......(.###.##a#
##.###............#
#..................
##............<......
###.#...................
.......#................
................#..#....
...........##.#. ..#..?.


You could see a worker ant and 2 orcs.

Vanquished Creatures
  Crazy Yiuf (D:2)
  An orc priest (D:4)
  Jessica (D:3)
  5 adders
  An adder skeleton (D:4)
  2 worms (D:2)
  A giant gecko (D:4)
  8 orcs
  9 bats
  5 giant cockroaches
  3 hobgoblins
  8 jackals
  A quokka (D:3)
  A ball python (D:3)
  4 giant newts (D:1)
  6 goblins
  6 kobolds
  A quokka skeleton (D:4)
  6 rats
70 creatures vanquished.

Vanquished Creatures (others)
  5 sheep (D:4)
5 creatures vanquished.

Grand Total: 75 creatures vanquished

Notes
Turn   | Place    | Note
--------------------------------------------------------------
     0 | D:1      | JudasIscariot the Kobold Assassin began the quest for the Orb.
     0 | D:1      | Reached XP level 1. HP: 12/12 MP: 1/1
   180 | D:1      | Reached XP level 2. HP: 14/17 MP: 2/2
   291 | D:1      | Reached skill level 6 in Stealth
   786 | D:2      | Reached XP level 3. HP: 11/21 MP: 3/3
  1037 | D:2      | Found an ancient bone altar of Kikubaaqudgha.
  1218 | D:2      | Reached XP level 4. HP: 24/27 MP: 4/4
  1742 | D:2      | Noticed Crazy Yiuf
  1753 | D:2      | Paralysed by Crazy Yiuf for 3 turns
  1759 | D:2      | Killed Crazy Yiuf
  1759 | D:2      | Reached skill level 7 in Stealth
  1759 | D:2      | Reached XP level 5. HP: 14/31 MP: 5/5
  2046 | D:3      | Noticed Jessica
  2065 | D:3      | Killed Jessica
  2141 | D:3      | Noticed JudasIscariot's ghost (amateur TrFi)
  2796 | D:4      | Found a shimmering altar of Xom.
  2984 | D:4      | Reached XP level 6. HP: 18/36 MP: 6/6
  3005 | D:4      | HP: 1/36 [poisoned by a worker ant]
  3007 | D:4      | Succumbed to a worker ant's poison

Action                   |  1- 3 |  4- 6 || total
-------------------------+-------+-------++-------
Melee: Dagger            |    96 |   192 ||   288
 Fire: Blowgun           |       |     7 ||     7
  Use: Scroll            |       |     2 ||     2
       Potion            |       |     2 ||     2
 Stab: Sleeping          |     9 |     3 ||    12
  Eat: Chunk             |     6 |    10 ||    16
